 Dungeon Crawl Stone Soup version 0.24-a0-497-g5a03d68f59 (webtiles) character file.

Game seed: 11663802123136916086

146 KristoblXynda the Slasher (level 5, -3/41 HPs)
             Began as a Draconian Skald on July 13, 2019.
             Slain by an iguana (11 damage)
             ... on level 4 of the Dungeon.
             The game lasted 00:05:38 (2913 turns).

KristoblXynda the Slasher (Draconian Skald)         Turns: 2913, Time: 00:05:39

Health: -3/41      AC:  6    Str: 14    XL:     5   Next: 7%
Magic:  8/8        EV: 12    Int: 14    God:
Gold:   39         SH:  0    Dex: 10    Spells: 1/8 levels left

rFire    . . .     SeeInvis .   a - +0 falchion
rCold    + . .     Gourm    .   (no shield)
rNeg     . . .     Faith    .   (armour unavailable)
rPois    .         Spirit   .   (helmet restricted)
rElec    .         Reflect  .   d - +0 cloak
rCorr    .         Harm     .   (no gloves)
MR       .....                  (no boots)
Stlth    +.........             (no amulet)
HPRegen  0.13/turn              o - ring of protection from cold
MPRegen  0.11/turn              (no ring)

@: no status effects
A: unfitting armour, cold-blooded, AC +5
a: no special abilities


You were on level 4 of the Dungeon.
You were not hungry.

You visited 1 branch of the dungeon, and saw 4 of its levels.

You collected 39 gold pieces.

Inventory:

Hand Weapons
 a - a +0 falchion (weapon)
Armour
 d - a +0 cloak (worn)
Jewellery
 o - a ring of protection from cold (left hand)
Scrolls
 e - a scroll of blinking {unknown}
 g - a scroll of magic mapping {unknown}
 h - a scroll of fear {unknown}
 k - a scroll of teleportation {unknown}
 l - 2 scrolls of remove curse {unknown}
Potions
 b - a potion of heal wounds
 f - a potion of might {unknown}
 i - a potion of brilliance
 m - a potion of haste
 n - a potion of lignification {unknown}
 p - a potion of mutation
 q - a potion of curing {unknown}
Comestibles
 c - 2 rations


   Skills:
 - Level 2.1 Fighting
 * Level 3.9 Long Blades
 + Level 3.0 Dodging
 - Level 2.0 Spellcasting
 + Level 3.5 Charms


You had one spell level left.
You knew the following spells:

 Your Spells              Type           Power        Failure   Level  Hunger
a - Infusion              Chrm           ##..         5%          1    ##.....
b - Regeneration          Chrm/Necr      #.........   34%         3    ####...
c - Spectral Weapon       Hex/Chrm       #.......     34%         3    ####...

Your spell library contained the following spells:

 Spells                   Type           Power        Failure   Level  Hunger
 Song of Slaying          Chrm           ##......     9%          2    ###....
 Shroud of Golubria       Chrm/Tloc      #.....       17%         2    ###....


Dungeon Overview and Level Annotations

Branches:
Dungeon (4/15)
 Temple: D:4-7

Altars:
The Shining One


Innate Abilities, Weirdness & Mutations

Your plain brown scales are hard. (AC +5)
You cannot fit into any form of body armour.
You are cold-blooded and may be slowed by cold attacks.


Message History

The iguana bites you!
You hit the iguana.
The iguana is heavily wounded.
The iguana bites you!
You closely miss the iguana.
The iguana is heavily wounded.
The iguana closely misses you.
You hit the iguana.
The iguana is heavily wounded.
The iguana bites you!
* * * LOW HITPOINT WARNING * * *
You barely miss the iguana.
Your tail-slap misses the iguana.
The iguana is heavily wounded.
The iguana bites you but does no damage.
You see here a cursed +0 trident.
There is a stone staircase leading up here.
Your magical infusion is running out.
You are no longer magically infusing your attacks.
The iguana bites you!
You die...

#### #########. ..#
#.........
#.#####.........
#.#.............
######)#.###.........
#.......<.).@........
###.....######l........
......>................
###....................
#.....######.....#.##
#................# #
#..............?.#
###............!.#
#..............#


You could see an iguana.

Vanquished Creatures
  An orc priest (D:4)
  2 adders
  2 worms (D:3)
  3 dart slugs
  4 leopard geckos
  10 orcs
  A ball python (D:2)
  8 bats
  2 giant cockroaches (D:2)
  6 goblins
  4 hobgoblins
  5 jackals
  9 kobolds
  A quokka (D:2)
  3 frilled lizards
  8 rats
69 creatures vanquished.

Notes
Turn   | Place    | Note
-------+----------+-------------------------------------------
     0 | D:1      | KristoblXynda the Draconian Skald began the quest for the
                  | Orb.
     0 | D:1      | Reached XP level 1. HP: 17/17 MP: 3/3
   119 | D:1      | Reached XP level 2. HP: 24/24 MP: 5/5
   134 | D:1      | You fall into a shaft and drop 1 floor!
   547 | D:2      | Reached XP level 3. HP: 29/29 MP: 6/6
  1776 | D:3      | Reached XP level 4. HP: 32/36 MP: 7/7
  2224 | D:3      | Learned a level 3 spell: Regeneration
  2228 | D:3      | Learned a level 3 spell: Spectral Weapon
  2404 | D:3      | Found a faded altar of an unknown god.
  2512 | D:3      | Found a glowing golden altar of the Shining One.
  2830 | D:4      | Reached XP level 5. HP: 33/41 MP: 2/8
  2913 | D:4      | Slain by an iguana

Levels and vault maps discovered:
D:1:      evilmike_arrival_crescent, layout_rooms
D:2:      layout_loops_ring
D:3:      layout_basic, lemuel_round_altar, chequers_ecumenical_altar_lobes,
          serial_bayou_lake_a
D:4:      layout_basic, lemuel_blue_sif_altar, minmay_temple_entry_poolview,
          serial_shops, kennysheep_little_box, first_ration,
          kennysheep_orc_chapel

Skill      XL: |  1  2  3  4 |
---------------+-------------+-----
Charms         | 3 |  3.5
Long Blades    | 3 |  3.9
Dodging        | 3 |  3.0
Fighting       | |  2.1
Spellcasting   | |  2.0

Action                   |  1- 3 |  4- 6 || total
-------------------------+-------+-------++-------
Melee: Falchion          |   140 |   103 ||   243
       Tailslap          |    12 |    14 ||    26
 Cast: Infusion          |       |     4 ||     4
  Use: Scroll            |     3 |     1 ||     4
 Stab: Sleeping          |     1 |       ||     1
  Eat: Chunk             |     3 |     2 ||     5
       Ration            |       |     1 ||     1
Armor: Skin              |    60 |    15 ||    75
Dodge: Dodged            |   137 |    59 ||   196
       Rpst.: Falchion   |    43 |    19 ||    62

Table legend:
 A = Non-vault XP
 B = Vault XP
 C = Vault XP percentage of total XP
 D = Non-vault monster count
 E = Vault monster count
 F = Vault count percentage of total count
                 A         B        C        D         E       F
            +---------+---------+-------+---------+---------+-------
      Total |     209 |       0 |   0.0 |      69 |       0 |   0.0
            +---------+---------+-------+---------+---------+-------
        D:1 |      41 |       0 |   0.0 |      24 |       0 |   0.0
        D:2 |      48 |       0 |   0.0 |      19 |       0 |   0.0
        D:3 |      73 |       0 |   0.0 |      24 |       0 |   0.0
        D:4 |      47 |       0 |   0.0 |       2 |       0 |   0.0
            +---------+---------+-------+---------+---------+-------
